Map: Pillars of Gold LE

Players

DANKCRAFT - Winner!

  • Race: Zerg Zerg
  • Spawn Location: 7:00

CrimsonChin

  • Race: Zerg Zerg
  • League: Master
  • Spawn Location: 1:00

VOD

Have the link to the VOD?

Description

Time

  • Played on: Feb. 5, 2021, 5:44 p.m.
  • Length: 9:33
Show
View Real Time Build Order
Export as new Build Order

DANKCRAFT Zerg - Winner!

Build Orders: Pool First 

Get SALT Encoding   

  12  0:06  Drone  
  13  0:09  Drone  
  14  0:29  Spawning Pool  
  13  0:36  Drone  
  13  0:42  Overlord  
  14  1:16  Queen  
  14  1:18  Zergling x6  
  19  1:25  Extractor  
  18  1:38  Zergling x2  
  20  1:40  Zergling x2  
  22  1:54  Zergling x2  
  22  2:05  Hatchery  
  22  2:07  Zergling x2  
  22  2:14  Spine Crawler  
  21  2:25  Spine Crawler  
  20  2:34  Zergling x2  
  21  2:39  Extractor  
  21  2:41  Drone  
  19  3:00  Spine Crawler  
  18  3:16  Spine Crawler  
  18  3:18  Zergling x2  
  18  3:19  Zergling x6  
  18  3:32  Zergling x2  
  18  3:40  Zergling x2  
  16  3:51  Zergling x4  
  16  3:52  Zergling x2  
  19  4:01  Zergling x2  
  20  4:06  Zergling x2  
  20  4:07  Zergling x2  
  21  4:13  Zergling x2  
  21  4:20  Zergling x2  
  20  4:29  Zergling x2  
  21  4:34  Zergling x2  
  21  4:42  Zergling x2  
  21  4:43  Zergling x2  
  21  5:16  Zergling x6  
Show
View Real Time Build Order
Export as new Build Order

CrimsonChin Zerg 

Build Orders: Hatch First 

Get SALT Encoding   

  12  0:01  Drone  
  13  0:13  Overlord  
  13  0:20  Drone  
  14  0:32  Drone x2  
  16  0:51  Hatchery  
  15  1:02  Drone x2  
  17  1:13  Spawning Pool  
  16  1:18  Extractor  
  16  1:19  Drone  
  16  1:29  Drone x2  
  18  1:35  Drone  
  19  2:00  Queen  
  21  2:03  Queen  
  23  2:09  Zergling x4  
  23  2:10  Zergling x4  
  27  2:24  Overlord  
  27  2:25  Overlord  
  27  2:49  Zergling x2  
  27  2:50  Zergling x8  
  28  3:05  Zergling x6  
  26  3:16  Zergling x4  
  16  3:52  Zergling x8  
  16  3:53  Zergling x4  
  15  4:07  Zergling x4  
  7  4:19  Zergling x2  
Tags
 
Add a new tag
Caveats
  • Supply blocks, unpowered buildings, or Contaminate may cause inaccurate times.
  • Supply counts are checked every 10 seconds.